 Dungeon Crawl Stone Soup version 0.24.0-37-gcf1ca852f1 (webtiles) character file.

Game seed: 14386985369877916757, levelgen mode: deterministic

48 Delamore the Chopper (level 3, -2/31 HPs)
             Began as a Hill Orc Fighter on Dec 2, 2019.
             Slain by Sigmund
             ... wielding a +0 scythe
              (7 damage)
             ... on level 2 of the Dungeon.
             The game lasted 00:02:01 (1148 turns).

Delamore the Chopper (Hill Orc Fighter)             Turns: 1148, Time: 00:02:02

Health: -2/31      AC:  6    Str: 24    XL:     3   Next: 72%
Magic:  3/3        EV:  7    Int:  8    God:
Gold:   43         SH:  0    Dex: 10    Spells: 2/2 levels left

rFire    . . .     SeeInvis .   a - +0 war axe
rCold    . . .     Gourm    .   c - +0 shield
rNeg     . . .     Faith    .   b - +0 scale mail
rPois    .         Spirit   .   (no helmet)
rElec    .         Reflect  .   (no cloak)
rCorr    .         Harm     .   (no gloves)
MR       .....                  (no boots)
Stlth    ..........             (no amulet)
HPRegen  0.10/turn              (no ring)
MPRegen  0.08/turn              (no ring)

@: confused, mighty
A: no striking features
a: no special abilities


You were on level 2 of the Dungeon.
You were not hungry.

You visited 1 branch of the dungeon, and saw 2 of its levels.

You collected 43 gold pieces.

Inventory:

Hand Weapons
 a - a +0 war axe (weapon)
Armour
 b - a +0 scale mail (worn)
 c - a +0 shield (worn)
Jewellery
 p - an uncursed ring of stealth {unknown}
Scrolls
 e - 2 scrolls of identify {unknown}
 h - 3 scrolls of fog {unknown}
 i - 3 scrolls of teleportation {unknown}
 k - a scroll of enchant armour {unknown}
 m - a scroll of enchant weapon {unknown}
 n - a scroll of random uselessness {unknown}
Potions
 g - a potion of lignification {unknown}
 j - a potion of curing {unknown}
 l - a potion of ambrosia {unknown}
 o - a potion of flight {unknown}
Comestibles
 f - 5 rations


   Skills:
 - Level 3.6 Fighting
 + Level 5.3 Axes
 - Level 3.2 Armour
 - Level 3.2 Shields


You had 2 spell levels left.
You didn't know any spells.
Your spell library was empty.

Dungeon Overview and Level Annotations

Branches:
Dungeon (2/15)

Altars:

Annotations:
D:2 Sigmund


Message History

Sigmund hits you with a +0 scythe!
You're too confused to move!
Sigmund hits you with a +0 scythe.
You closely miss Sigmund.
Sigmund is lightly wounded.
Sigmund points at you and mumbles some strange words.
You are more confused.
You bump into the rock wall.
Sigmund says, "You will soon forget everything."
Sigmund hits you with a +0 scythe.
You bump into the rock wall.
Sigmund hits you but does no damage.
You feel very mighty all of a sudden.
Sigmund casts a spell.
Sigmund flickers and vanishes!
Deactivating autopickup; reactivate with Ctrl-A.
You bump into the rock wall.
Something hits you!
* * * LOW HITPOINT WARNING * * *
You bump into the rock wall.
You bump into the rock wall.
Something hits you!
You die...

#
#.##.###....#
###........
..#
..........#
#.#
##.#####..#
##.# .# #.#
#.# # #..
#.#### #..
#K{.@# ##.
####.# #.#
#.# #####.#
#### #.....#
...# #.#####
##.#######
#.#
##.......#
#.#


You could see a kobold.

Vanquished Creatures
  An adder (D:2)
  An ooze (D:2)
  A dart slug (D:2)
  A giant cockroach (D:2)
  6 hobgoblins (D:1)
  A quokka (D:2)
  2 bats
  4 frilled lizards
  6 goblins
  4 kobolds
  6 rats
33 creatures vanquished.

Notes
Turn   | Place    | Note
-------+----------+-------------------------------------------
     0 | D:1      | Delamore the Hill Orc Fighter began the quest for the Orb.
     0 | D:1      | Reached XP level 1. HP: 19/19 MP: 1/1
    21 | D:1      | Reached skill level 3 in Axes
   107 | D:1      | Reached XP level 2. HP: 17/26 MP: 2/2
   212 | D:1      | Reached skill level 4 in Axes
   735 | D:2      | Reached XP level 3. HP: 20/31 MP: 3/3
   918 | D:2      | Reached skill level 5 in Axes
  1132 | D:2      | Noticed Sigmund
  1148 | D:2      | Slain by Sigmund

Levels and vault maps discovered:
D:1:      minmay_arrival_open_corners, layout_basic, serial_glass,
          glass_columns_b, glass_columns_b, glass_columns_c, glass_columns_a,
          glass_columns_a, glass_columns_b
D:2:      layout_loops_cross, overflow_temple_1_default, first_ration,
          uniq_sigmund

Skill      XL: |  1  2  3 |
---------------+----------+-----
Axes           | 3 4 5 |  5.3
Fighting       | |  3.6
Armour         | |  3.2
Shields        | |  3.2

Action                   || total
-------------------------++-------
Melee: War axe           ||    96
  Use: Potion            ||     1
  Eat: Chunk             ||     1
Armor: Scale mail        ||    31
Dodge: Dodged            ||    23
Block: Shield            ||    40
